Map: Frozen Temple

Players

IIIIIIIIIIII - Winner!

  • Race: Terran Terran

Miszu

  • Race: Terran Terran
  • League: Master

VOD

Have the link to the VOD?

Description

Time

  • Played on: April 19, 2016, 12:57 p.m.
  • Length: 3:39
Show
View Real Time Build Order
Export as new Build Order

IIIIIIIIIIII Terran - Winner!

Build Orders:  

Get SALT Encoding   

  12  0:01  SCV  
  13  0:14  Supply Depot  
  13  0:29  Refinery  
  13  0:37  Barracks  
  13  0:53  Barracks  
  13  1:09  Refinery  
  13  1:24  Marine  
  14  1:31  Barracks  
  14  1:40  Reaper  
  15  1:47  Reaper  
  16  2:13  Reaper  
  17  2:19  Reaper  
  16  2:45  Reaper  
  16  2:50  Reaper  
  18  2:51  Reaper  
Show
View Real Time Build Order
Export as new Build Order

Miszu Terran 

Build Orders:  

Get SALT Encoding   

  12  0:01  SCV  
  13  0:13  SCV  
  14  0:17  Supply Depot  
  14  0:25  SCV  
  15  0:39  Barracks, SCV  
  16  0:44  Refinery  
  16  0:51  SCV  
  17  1:03  SCV  
  18  1:15  SCV  
  19  1:28  Orbital Command  
  19  1:29  Barracks Reactor  
  19  1:41  Command Center  
  19  1:50  Supply Depot  
  19  1:54  SCV  
  20  2:06  SCV  
  20  2:07  Marine x2  
  22  2:18  Bunker, SCV  
  22  2:30  Marine  
  22  2:36  Marine  
  21  2:47  Marine, SCV  
  21  3:10  Marine x2  
  23  3:14  SCV  
  24  3:26  SCV  
Tags
 
League
Master
Matchup
TvT
Race
Terran
Add a new tag
Caveats
  • Supply blocks, unpowered buildings, or Contaminate may cause inaccurate times.
  • Supply counts are checked every 10 seconds.